 Dungeon Crawl Stone Soup version 0.30-a0-726-gd89dcf765f (webtiles) character file.

Game seed: 13724389180995889452

671 hikkokomori the Slasher (level 7, -5/44 HPs)
             Began as a Tengu Gladiator on Jan 30, 2023.
             Slain by an orc warrior
             ... wielding a +0 long sword
              (7 damage)
             ... on level 5 of the Dungeon.
             The game lasted 00:04:51 (3435 turns).

hikkokomori the Slasher (Tengu Gladiator)           Turns: 3435, Time: 00:04:52

Health: -5/44      AC:  6    Str: 14    XL:     7   Next: 58%
Magic:  8/8        EV: 14    Int:  8    God:
Gold:   236        SH:  0    Dex: 18    Spells: 6/6 levels left

rFire   . . .      SeeInvis +    a - +1 long sword
rCold   . . .      Faith    .    (no shield)
rNeg    . . .      Spirit   .    f - +0 scale mail
rPois   .          Reflect  .    c - +0 hat
rElec   .          Harm     .    (no cloak)
rCorr   .          Rampage  .    (no gloves)
Will    .....                    (boots unavailable)
Stlth   +                        (no amulet)
HPRegen 0.27/turn                k - ring of see invisible
MPRegen 0.11/turn                (no ring)

@: weak-willed, flying quickly and evasively, quick
A: beak, talons 3, nimble flight
a: no special abilities


You were on level 5 of the Dungeon.
You visited 1 branch of the dungeon, and saw 5 of its levels.

You collected 236 gold pieces.

Inventory:

Hand Weapons
 a - a +1 long sword (weapon)
Missiles
 d - 3 throwing nets (quivered)
 e - a javelin
Armour
 b - a +0 leather armour
 c - a +0 hat (worn)
 f - a +0 scale mail (worn)
Jewellery
 k - a ring of see invisible (left hand)
Wands
 l - a wand of roots (13)
 n - a wand of flame (14)
Scrolls
 g - 5 scrolls of noise
 o - a scroll of identify
Potions
 p - a potion of resistance {unknown}


   Skills:
 + Level 4.5 Fighting
 + Level 5.6 Long Blades
 - Level 2.0 Throwing
 + Level 1.3 Armour
 - Level 5.3 Dodging
 + Level 3.5 Stealth


You had 6 spell levels left.
You didn't know any spells.
Your spell library contained the following spells:

 Spells                   Type           Power      Damage    Failure   Level
 Blink                    Tloc           0%         N/A       96%         2
 Lesser Beckoning         Tloc           0%         N/A       96%         2
 Momentum Strike          Conj/Tloc      0%         3d8       96%         2


Dungeon Overview and Level Annotations

Branches:
Dungeon (5/15)
 Temple: D:4-7

Altars:
Yredelemnul

Shops:
D:1 !*((:

Annotations:
D:5 1 runed translucent door, Crazy Yiuf


Innate Abilities, Weirdness & Mutations

You have a beak for a mouth.
You have claws for feet.
Your magical nature lets you fly swiftly and evasively.


Message History

The orc priest begins to cast a cantrip, but forgets the words!
You hit the orc priest but do no damage.
Your peck misses the orc priest.
The orc priest is heavily wounded.
The gnoll hits you from afar with a +0 spear!
The orc priest hits you but does no damage.
You closely miss the orc priest. Your kick misses the orc priest.
Your peck misses the orc priest.
The orc priest is heavily wounded.
The gnoll closely misses you.
The orc priest calls down the wrath of Beogh upon you.
Beogh smites you!
You hit the orc priest. You claw the orc priest.
The orc priest is almost dead.
The gnoll misses you.
The orc priest hits you but does no damage.
The gnoll hits you from afar with a +0 spear.
Okay, then.
As you read the scroll labelled YNAUCH QOKHA, it crumbles to dust.
Your attack snaps the gnoll out of its fear. x2
Magic quickly surges around you.
It was a scroll of vulnerability.
The gnoll barely misses you.
The orc priest miscasts a cantrip.
The orc warrior hits you with a +0 long sword.
As you read the scroll labelled WUYHOTOCIA, it crumbles to dust.
It is a scroll of enchant weapon.
Your +0 long sword glows red for a moment.
The gnoll hits you but does no damage.
The orc warrior hits you with a +0 long sword.
The gnoll hits you but does no damage.
The orc priest mumbles some strange prayers to Beogh against you.
Beogh smites you!
* * * LOW HITPOINT WARNING * * *
You slash the gnoll!
The gnoll is heavily wounded.
The gnoll barely misses you. The orc warrior barely misses you.
You slash the gnoll!
You kill the gnoll!
The orc warrior hits you with a +0 long sword!
You die...

♣♣.♣ #. # ♣.♣♣ #.# .#
♣♣.♣ #.# #.# ♣.♣♣ #.#
...# #+# ####.# #...# ...
#....## #....# #...#
####.#...####.....# #)..#
.g...gg..g@ooo....# #####
###.#...####.....#
##.##)### #....#
#.......# #.....
#.......# #...# #.......#
#+## #.......# #.#
#.......# #.#########
#....<..#######.##......#


You could see an orc warrior (weak-willed), an orc priest (weak-willed), an orc
wizard (invisible, weak-willed) and 3 gnolls.

Vanquished Creatures
  2 phantoms (D:4)
  A kobold brigand (D:5)
  A scorpion (D:5)
  2 jellies
  2 hounds (D:4)
  2 orc priests
  An iguana (D:4)
  A hound zombie (D:4)
  A gnoll (D:5)
  4 adders (D:2)
  An adder zombie (D:4)
  2 worms
  2 dart slugs
  16 orcs
  3 bats
  6 endoplasms
  A giant cockroach (D:1)
  18 goblins
  10 hobgoblins
  5 quokkas
  9 ball pythons
  5 frilled lizards
  9 kobolds
  6 rats
110 creatures vanquished.

Vanquished Creatures (others)
  A kobold (D:2)
1 creature vanquished.

Grand Total: 111 creatures vanquished

Notes
Turn   | Place    | Note
-------+----------+-------------------------------------------
     0 | D:1      | hikkokomori the Tengu Gladiator began the quest for the
                  | Orb.
     0 | D:1      | Reached XP level 1. HP: 12/12 MP: 2/2
    92 | D:1      | Reached XP level 2. HP: 11/17 MP: 3/3
   288 | D:1      | Found Jagrufex's Antique Weapon Boutique.
   376 | D:1      | Found Xomni's Distillery.
   379 | D:1      | Found Nutuob's Assorted Antiques.
   536 | D:1      | Found Asanyiky's Book Boutique.
   568 | D:1      | Found Yqihaqom's Weapon Emporium.
   694 | D:2      | Reached XP level 3. HP: 16/22 MP: 4/4
   914 | D:2      | Reached XP level 4. HP: 12/27 MP: 5/5
  1048 | D:2      | HP: 2/40 [poisoned by an adder]
  1708 | D:3      | Reached skill level 1 in Stealth
  1708 | D:3      | Gained mutation: Your magical nature lets you fly swiftly
                  | and evasively. [Tengu growth]
  1708 | D:3      | Reached XP level 5. HP: 22/32 MP: 6/6
  1761 | D:3      | Found a faded altar of an unknown god.
  2395 | D:4      | Noticed a phantom
  2402 | D:4      | Killed a phantom
  2403 | D:4      | Reached XP level 6. HP: 28/37 MP: 7/7
  2731 | D:4      | Reached skill level 5 in Long Blades
  2731 | D:4      | Reached skill level 5 in Dodging
  2862 | D:4      | Reached XP level 7. HP: 35/43 MP: 8/8
  2921 | D:4      | Found a basalt altar of Yredelemnul.
  3068 | D:5      | Entered Level 5 of the Dungeon
  3123 | D:5      | Reached skill level 1 in Armour
  3257 | D:5      | Found a runed translucent door.
  3258 | D:5      | Noticed Crazy Yiuf
  3433 | D:5      | HP: 1/44 [orc priest/divine providence (16)]
  3435 | D:5      | Slain by an orc warrior

Illustrated notes

Levels and vault maps discovered:
D:1:      lightli_arrival_statuegarden, layout_loops_ring, serial_shops,
          nicolae_shop_crystal, shop_fountains, nicolae_shop_behind_doors, shop,
          shop_statue
D:2:      cheibrodos_helix_gallery, layout_basic, corexii_leaking_fountain,
          st_stairs_5, minmay_circle_x
D:3:      cheibrodos_greedy_goblins, layout_loops_ring,
          hellmonk_ecumenical_altar_pennies_from_heaven, minmay_strange_pillars,
          grunt_decor_fettered
D:4:      layout_basic, lemuel_zombie_altar_yredelemnul
D:5:      layout_loops_corners, uniq_duvessa, uniq_crazy_yiuf_cottage

Skill      XL: |  1  2  3  4  5  6  7 |
---------------+----------------------+-----
Long Blades    | 4 5 |  5.6
Dodging        | 4 5 |  5.3
Fighting       | 3 4 |  4.5
Stealth        | 1 2 3 |  3.5
Armour         | 1 |  1.3
Throwing       | |  2.0

Action                     |  1- 3 |  4- 6 |  7- 9 || total
---------------------------+-------+-------+-------++-------
  Melee: Long sword        |    63 |   143 |    55 ||   261
         Kick              |    11 |    33 |    18 ||    62
         Peck              |     7 |    22 |     8 ||    37
         Punch             |       |     2 |     1 ||     3
    Use: Potion            |       |     2 |     2 ||     4
         Scroll            |       |       |     4 ||     4
   Stab: Sleeping          |     3 |     1 |       ||     4
 Armour: Leather armour    |    22 |     9 |       ||    31
         Scale mail        |       |    32 |    29 ||    61
  Dodge: Dodged            |    51 |    92 |    51 ||   194

Table legend: (Time is in decaauts)
 A = Elapsed time spent in this place.
 B = Non-inter-level travel time spent in this place.
 C = Inter-level travel time spent in this place.
 D = Time resting spent in this place.
 E = Time spent auto-exploring this place.
 F = Levels seen in this place.
 G = Mean time per level.
                   A        B        C        D        E       F      G
               +--------+--------+--------+--------+--------+-----+--------+
         Total |   3369 |   3261 |    108 |      3 |   2633 |   5 |  673.8 |
       Dungeon |   3369 |   3261 |    108 |      3 |   2633 |   5 |  673.8 |
               +--------+--------+--------+--------+--------+-----+--------+

Top non-repeatable levels by time:
     D:2: 929 daAuts
     D:3: 721 daAuts
     D:1: 694 daAuts
     D:4: 668 daAuts
     D:5: 355 daAuts
